 Dungeon Crawl Stone Soup version 0.22-a0-422-g9628fc8 (webtiles) character file.

94941 Mgcat the Thaumaturge (level 16, 0/123 HPs)
             Began as a Gnoll Wanderer on May 15, 2018.
             Was an Elder of Sif Muna.
             Slain by a war gargoyle
             ... wielding a +0 dire flail
              (30 damage)
             ... on level 10 of the Dungeon on May 16, 2018.
             The game lasted 02:38:04 (42523 turns).

Mgcat the Thaumaturge (Gnoll Wanderer)             Turns: 42523, Time: 02:38:04

Health: 0/123      AC: 12    Str: 18    XL:     16   Next: 12%
Magic:  1/32       EV: 18    Int: 32    God:    Sif Muna [****..]
Gold:   2176       SH:  6    Dex: 13    Spells: 7/39 levels left

rFire    + + .     SeeInvis .   b - staff of wizardry {wiz+, !a}
rCold    + . .     Gourm    +   I - +0 buckler
rNeg     . . .     Faith    .   C - +1 leather armour of Kejuchy {rElec Int+2 Stlth-}
rPois    .         Spirit   .   h - +2 hat {MR+}
rElec    +         Reflect  .   z - scarf {rC+ rF+}
rCorr    .         Harm     .   M - +1 pair of gloves of Bafyn {Str+2 Int+4}
MR       +++..                  r - +1 pair of boots
Stlth    +++.......             A - amulet of the Endless Expanse {Gourm rF+}
HPRegen  0.30/turn              K - +4 ring of intelligence
MPRegen  0.23/turn              o - ring of protection from magic {MR+, !d}

@: swift, divine energy, quick
A: distributed training, fangs 1, strong nose
a: Stop Divine Energy, Channel Magic, Forget Spell, Renounce Religion


You were on level 10 of the Dungeon.
You worshipped Sif Muna.
Sif Muna was greatly pleased with you.
You were not hungry.

You visited 4 branches of the dungeon, and saw 22 of its levels.
You also visited: Ice Cave.

You collected 2871 gold pieces.
You spent 695 gold pieces at shops.

Inventory:

Hand Weapons
 a - the +7 flail of Bile {crush, rElec Int+2 Dex+2}
   (You found it on level 6 of the Dungeon)

   It inflicts extra damage upon your enemies.
   It affects your intelligence (+2).
   It affects your dexterity (+2).
   It insulates you from electricity.
 k - a +1 demon blade of draining
   (You took it off an infernal demonspawn on level 2 of the Orcish Mines)
 D - the +8 longbow "Zephyr" {speed, Dex+3 SInv}
   (You found it on level 10 of the Dungeon)

   Attacks with this weapon are significantly faster.
   It affects your dexterity (+3).
   It lets you see invisible.
 L - the +9 falchion of Animyow {freeze, +Fly MR+ Dex+4}
   (You found it on level 10 of the Dungeon)

   It has been specially enchanted to freeze those struck by it, causing extra
   injury to most foes and up to half again as much damage against particularly
   susceptible opponents.
   It can also slow down cold-blooded creatures.
   It affects your dexterity (+4).
   It affects your resistance to hostile enchantments.
   It lets you fly.
Missiles
 J - 171 arrows
 Z - 2 curare-tipped needles
Armour
 h - a +2 hat of magic resistance (worn)
   (You took it off Gastronok on level 8 of the Dungeon)
 r - a +1 pair of boots (worn)
   (You found it on level 5 of the Lair of Beasts)
 z - a scarf of resistance (worn)
   (You found it on level 10 of the Dungeon)
 C - the +1 leather armour of Kejuchy (worn) {rElec Int+2 Stlth-}
   (You found it on level 9 of the Dungeon)

   It affects your intelligence (+2).
   It insulates you from electricity.
   It makes you less stealthy.
 I - a +0 buckler (worn)
   (You found it on level 5 of the Lair of Beasts)
 M - the +1 pair of gloves of Bafyn (worn) {Str+2 Int+4}
   (You bought it in a shop on level 4 of the Dungeon)

   It affects your strength (+2).
   It affects your intelligence (+4).
Magical Staves
 b - an uncursed staff of wizardry (weapon) {wiz+, !a}
   (You took it off an orc wizard on level 8 of the Dungeon)
 O - an uncursed staff of energy {+MP, hungerless spells, !d!a@w1}
   (You found it on level 10 of the Dungeon)
 P - an uncursed staff of cold {rC+}
   (You found it on level 12 of the Dungeon)
Jewellery
 o - a ring of protection from magic (right hand) {MR+, !d}
   (You found it on level 5 of the Dungeon)
 w - a +5 ring of strength
   (You found it on level 6 of the Dungeon)
 A - the amulet of the Endless Expanse (around neck) {Gourm rF+}
   (You bought it in a shop on level 7 of the Dungeon)

   [amulet of the gourmand]

   It allows you to eat raw meat even when not hungry.
   It protects you from fire.
 F - an uncursed ring of see invisible {sInv, !d}
   (You found it in an ice cave)
 K - a +4 ring of intelligence (left hand)
   (You found it on level 10 of the Dungeon)
Wands
 g - a wand of random effects (27)
   (You found it on level 6 of the Lair of Beasts)
 i - a wand of scattershot (2)
   (You found it on level 8 of the Dungeon)
 p - a wand of iceblast (19)
   (You found it on level 2 of the Dungeon)
 q - a wand of clouds (11)
   (You found it on level 3 of the Lair of Beasts)
 Q - a wand of paralysis (12)
   (You took it off Maurice on level 1 of the Orcish Mines)
 S - a wand of digging (9)
   (You found it in an ice cave)
 X - a wand of acid (11)
   (You found it on level 4 of the Lair of Beasts)
Scrolls
 c - a scroll of magic mapping {unknown}
 j - 9 scrolls of remove curse
 s - 2 scrolls of blinking {!r}
 x - 4 scrolls of fog
 H - 5 scrolls of teleportation
 T - a scroll of enchant weapon
 U - a scroll of amnesia
Potions
 d - a potion of berserk rage {!q}
 e - 3 potions of flight
 l - 6 potions of curing
 m - 2 potions of resistance
 n - a potion of cancellation
 t - 5 potions of lignification {!q}
 u - 2 potions of magic
 v - 4 potions of invisibility
 y - 3 potions of brilliance
 B - 3 potions of agility
 E - 2 potions of haste
 R - a potion of ambrosia {unknown}
 V - a potion of mutation {!q}
 W - a potion of heal wounds
 Y - a potion of might {unknown}
Miscellaneous
 G - a fan of gales
   (You found it on level 10 of the Dungeon)
 N - 2 boxes of beasts
Comestibles
 f - 31 rations


   Skills:
 + Level 10.4 Fighting
 + Level 10.4 Short Blades
 + Level 10.4 Long Blades
 + Level 10.4 Axes
 + Level 10.4 Maces & Flails
 + Level 10.4 Polearms
 + Level 10.4 Staves
 + Level 10.4 Slings
 + Level 10.4 Bows
 + Level 10.4 Crossbows
 + Level 10.4 Throwing
 + Level 10.4 Armour
 + Level 10.4 Dodging
 + Level 10.4 Stealth
 + Level 10.7 Shields
 + Level 10.4 Unarmed Combat
 + Level 12.3 Spellcasting
 + Level 8.8 Conjurations
 + Level 8.8 Hexes
 + Level 10.3 Charms
 + Level 8.8 Summonings
 + Level 8.8 Necromancy
 + Level 8.8 Translocations
 + Level 9.1 Transmutations
 + Level 8.8 Fire Magic
 + Level 8.8 Ice Magic
 + Level 8.8 Air Magic
 + Level 8.8 Earth Magic
 + Level 9.1 Poison Magic
 + Level 11.2 Invocations
 + Level 10.7 Evocations


You had 7 spell levels left.
You knew the following spells:

 Your Spells              Type           Power        Failure   Level  Hunger
a - Poisonous Vapours     Pois/Air       ######       1%          2    None
b - Bolt of Fire          Conj/Fire      ######....   4%          6    ####...
c - Fireball              Conj/Fire      ######....   1%          5    #......
d - Swiftness             Chrm/Air       ######..     1%          2    None
e - Olgreb's Toxic Radia  Pois           ######..     1%          4    None
f - Summon Ice Beast      Ice/Summ       ######..     1%          4    None
h - Call Imp              Summ           ######..     1%          2    None
i - Conjure Flame         Conj/Fire      ######..     1%          3    None
s - Throw Icicle          Conj/Ice       ######..     1%          4    None

Your spell library contained the following spells:

 Spells                   Type           Power        Failure   Level  Hunger
 Cause Fear               Hex            ######....   1%          4    None
 Magic Dart               Conj           ####         1%          1    None
 Apportation              Tloc           ######       1%          1    None
 Bolt of Cold             Conj/Ice       ######....   4%          6    ####...
 Lightning Bolt           Conj/Air       ######....   1%          5    #......
 Bolt of Magma            Conj/Fire/Erth ######....   1%          5    #......
 Slow                     Hex            ######..     1%          2    None
 Confuse                  Hex            ######..     1%          3    None
 Throw Frost              Conj/Ice       ######       1%          2    None
 Freezing Cloud           Conj/Ice/Air   ######....   4%          6    ####...
 Mephitic Cloud           Conj/Pois/Air  ######..     1%          3    None
 Ring of Flames           Chrm/Fire      ######....   17%         7    ######.
 Venom Bolt               Conj/Pois      ######....   1%          5    #......
 Summon Small Mammal      Summ           ####         1%          1    None
 Lehudib's Crystal Spear  Conj/Erth      ######....   86%         8    #######
 Blink                    Tloc           N/A          1%          2    None
 Animate Skeleton         Necr           N/A          1%          1    None
 Freeze                   Ice            ####         1%          1    None
 Ozocubu's Refrigeration  Ice            ######....   4%          6    ####...
 Sting                    Conj/Pois      ####         1%          1    None
 Tukima's Dance           Hex            ######..     1%          3    None
 Iron Shot                Conj/Erth      ######....   4%          6    ####...
 Shock                    Conj/Air       ####         1%          1    None
 Ice Form                 Ice/Tmut       ######..     1%          4    None
 Dragon Form              Tmut           ######....   22%         7    ######.
 Airstrike                Air            ######....   1%          4    None
 Confusing Touch          Hex            ######       1%          1    None
 Flame Tongue             Conj/Fire      #####        1%          1    None
 Ensorcelled Hibernation  Hex/Ice        ######       1%          2    None
 Static Discharge         Conj/Air       ######..     1%          3    None
 Corona                   Hex            ######.      1%          1    None
 Simulacrum               Ice/Necr       ######....   4%          6    ####...
 Portal Projectile        Hex/Tloc       ######       1%          3    None
 Orb of Destruction       Conj           ######....   24%         7    ######.
 Leda's Liquefaction      Hex/Erth       ######....   1%          4    None
 Inner Flame              Hex/Fire       ######..     1%          3    None
 Iskenderun's Battlesphe  Conj/Chrm      ######..     1%          5    #......
 Dazzling Spray           Conj/Hex       ######       1%          3    None
 Spectral Weapon          Hex/Chrm       ######..     1%          3    None
 Dragon's Call            Summ           ######....   100%        9    #######
 Spellforged Servitor     Conj/Summ      ######....   24%         7    ######.
 Irradiate                Conj/Tmut      ######....   1%          5    #......


Dungeon Overview and Level Annotations

Branches:
Dungeon (13/15)            Temple (1/1) D:4            Lair (6/6) D:10
 Shoals (0/4) Lair:4        Snake (0/4) Lair:3        Slime (0/5) Lair:6
    Orc (2/2) D:10            Elf (0/3) Orc:2        Vaults (0/5) D:13

Altars:
Ashenzari
Cheibriados
Dithmenos
Fedhas
Gozag
Nemelex Xobeh
Sif Muna
Wu Jian
Yredelemnul
Zin
Beogh

Shops:
D:4 [   D:7 *   Orc:1 *   Orc:2 }?(*

Portals:
Pandemonium: Orc:2

Annotations:
D:3 KristoblXynda's ghost, amateur NaEn
D:10 2 runed doors
D:11 2 runed doors, exclusion: orange crystal statue
D:12 1 exclusion, Azrael
Lair:2 exclusion: 2 oklob plants


Innate Abilities, Weirdness & Mutations

Your experience applies equally to all skills.
You have very sharp teeth.
Your uncanny sense of smell can sniff out nearby items.


Message History

The bolt of fire hits the war gargoyle.
The war gargoyle resists.
The war gargoyle is moderately damaged.
The bolt of fire hits the ettin.
The ettin is severely wounded.
The bolt of fire hits the wyvern zombie.
You destroy the wyvern zombie!
Sif Muna accepts your kill. The war gargoyle closely misses you.
The war gargoyle barely misses you.
Casting: Bolt of Fire (safe; 4% risk of failure)
Confirm with . or Enter, or press ? or * to list all spells.
Aiming: Bolt of Fire (safe; 4% risk of failure)
Press: ? - help, Shift-Dir - straight line, f - orc warrior
Aim: an orc warrior, wielding a battleaxe and wearing a plate armour The bolt of fire hits the war gargoyle.
The war gargoyle resists.
The war gargoyle is moderately damaged.
The bolt of fire hits the ettin.
You kill the ettin!
Sif Muna accepts your kill.
The bolt of fire hits the orc warrior.
You kill the orc warrior!
Sif Muna accepts your kill.
The war gargoyle hits you with a dire flail.
Casting: Bolt of Fire (safe; 4% risk of failure)
Confirm with . or Enter, or press ? or * to list all spells.
Aiming: Bolt of Fire (safe; 4% risk of failure)
Press: ? - help, Shift-Dir - straight line, f - deep elf archer
Aim: a deep elf archer, wielding a dagger and wearing a leather armour The bolt of fire misses the war gargoyle.
The bolt of fire hits the ogre.
You kill the ogre!
Sif Muna accepts your kill.
The bolt of fire misses the deep elf archer.
The war gargoyle launches metal splinters at you.
The spray of metal splinters misses you.
Casting: Bolt of Fire (safe; 4% risk of failure)
Confirm with . or Enter, or press ? or * to list all spells.
Aiming: Bolt of Fire (safe; 4% risk of failure)
Press: ? - help, Shift-Dir - straight line, f/p - deep elf archer
Aim: a deep elf archer, wielding a dagger and wearing a leather armour The bolt of fire hits the war gargoyle.
The war gargoyle resists.
The war gargoyle is moderately damaged.
The bolt of fire hits the quokka.
You kill the quokka!
Sif Muna accepts your kill.
The bolt of fire hits the deep elf archer.
The deep elf archer is severely wounded.
Sif Muna grants you divine energy.
You briefly lose access to your magic!
The war gargoyle hits you with a dire flail!! x2
You feel much better. The war gargoyle barely misses you.
You regain access to your magic.
The war gargoyle completely misses you.
Casting: Bolt of Fire (safe; 4% risk of failure)
Confirm with . or Enter, or press ? or * to list all spells.
Aiming: Bolt of Fire (safe; 4% risk of failure)
Press: ? - help, Shift-Dir - straight line, f - crimson imp, p - deep elf archer
Aim: a crimson imp The bolt of fire hits the war gargoyle.
The war gargoyle resists.
The war gargoyle is heavily damaged.
The bolt of fire hits the deep elf archer.
You kill the deep elf archer!
Sif Muna accepts your kill.
The bolt of fire hits the crimson imp.
The crimson imp completely resists.
Sif Muna grants you divine energy.
You briefly lose access to your magic!
You block the war gargoyle's attack.
The crimson imp shouts, "Take thy face hence, thou feeble kobold-kissing pignut!"
The war gargoyle closely misses you. The war gargoyle misses you.
The crimson imp blinks!
The crimson imp blinks!
The war gargoyle barely misses you.
You regain access to your magic.
Unknown command.
Unknown command.
Unknown command.
Unknown command.
Casting: Bolt of Fire (safe; 4% risk of failure)
Confirm with . or Enter, or press ? or * to list all spells.
A chill wind blows around you. Sif Muna grants you divine energy.
You briefly lose access to your magic!
The war gargoyle launches metal splinters at you.
The spray of metal splinters misses you.
The spray of metal splinters hits your ice beast.
Your ice beast dies!
The war gargoyle completely misses you.
You regain access to your magic.
The war gargoyle hits you with a dire flail!
Casting: Summon Ice Beast (safe; 1% risk of failure)
Confirm with . or Enter, or press ? or * to list all spells.
You feel quick. Sif Muna grants you divine energy.
You briefly lose access to your magic!
The war gargoyle hits you with a dire flail!
You regain access to your magic.
The war gargoyle launches metal splinters at you.
The spray of metal splinters hits you!
* * * LOW HITPOINT WARNING * * *
There is a stone staircase leading down here.
The war gargoyle hits you with a dire flail!!
You die...

#..................##
#...................#
##.#...#...#.....)..# ###
#...#.#.............##
###.#####.##.#..............##
#............................#
#...........................##
#...§.§≈......[.............#
#..§§≈§≈§.....@9...........##
##.≈≈≈.≈≈...................##
#.≈≈.>.≈≈.................#.##
#.§§≈..≈≈.....>.....5....#...#
#.§≈≈≈≈.≈......[......5......#
#.§§..§≈§........#............
##...§.§..........[............
##.....#...........#............
##...............................


You could see a war gargoyle and a crimson imp.

Vanquished Creatures
  Rupert (Lair:3)
  Gastronok (D:8)
  A frost giant (IceCv)
  Nessos (Lair:6)
  Josephine (Orc:1)
  A fire dragon (D:10)
  Snorg (Orc:2)
  An ettin (D:10)
  2 hydras
  Erolcha (D:13)
  Erica (Orc:1)
  3 centaur warriors (D:13)
  4 two-headed ogres
  A catoblepas (Lair:6)
  8 death yaks
  6 orc high priests (Orc:2)
  Nergalle (Orc:1)
  An infernal demonspawn (Orc:2)
  2 torturous demonspawn (Orc:2)
  A deep elf archer (D:10)
  A lindwurm (Lair:6)
  A wizard (D:13)
  6 orc knights
  3 ugly things
  A necromancer (D:13)
  A manticore (D:13)
  6 orc sorcerers
  A cyclops (D:8)
  Maurice (Orc:1)
  6 black mambas
  An ice statue (IceCv)
  2 centaur skeletons
  The ghost of inmateoo the Chopper, a novice BaFi of Okawaru (D:5)
  2 orange demons (Orc:2)
  2 gargoyles
  10 spiny frogs
  A torpor snail (Lair:5)
  7 rime drakes (Lair:2)
  A kobold demonologist (D:5)
  11 komodo dragons
  An ice devil (Orc:2)
  The ghost of Tiareth the Gusty, a novice TeAE (D:4)
  A red devil (Orc:2)
  5 trolls
  14 polar bears
  A queen bee (D:8)
  A hornet (D:12)
  4 blink frogs (Lair:6)
  18 dream sheep
  8 hippogriffs
  3 shadows
  2 vampires
  7 basilisks
  5 wraiths (Orc:1)
  A fire elemental (D:12)
  6 wyverns
  50 yaks
  12 steam dragons
  Grum (D:8)
  2 hungry ghosts
  A vampire mosquito (D:10)
  An acid dragon (Lair:2)
  2 wargs (Orc:2)
  6 hell hounds
  22 water moccasins
  33 orc warriors
  9 porcupines
  10 ice beasts
  7 sky beasts
  2 black bears
  2 eyes of draining
  13 ogres
  A boggart (D:10)
  10 centaurs
  A necrophage (D:7)
  30 wolves
  11 crocodiles
  3 big kobolds
  An elf zombie (D:7)
  16 bullfrogs
  An elf skeleton (D:7)
  A wyvern zombie (D:10)
  A scorpion (D:7)
  23 killer bees
  11 wights
  7 howler monkeys
  2 electric eels (Lair:1)
  5 crimson imps
  A quasit (D:5)
  A bullfrog zombie (D:5)
  2 centaur zombies
  5 lava snakes (Lair:6)
  28 orc priests
  22 orc wizards
  6 hounds
  4 human zombies (D:7)
  A bullfrog skeleton (D:9)
  5 jellies
  4 iguanas
  A human skeleton (D:7)
  9 worker ants
  6 hell rats (Lair:5)
  A killer bee zombie (D:7)
  4 gnolls (D:9)
  A howler monkey skeleton (D:4)
  16 adders
  6 shadow imps
  An ooze (D:1)
  A worm (D:2)
  3 adder skeletons
  4 dart slugs
  2 leopard geckos
  125 orcs
  A ball python (D:3)
  5 giant cockroaches
  13 hobgoblins
  5 jackals
  18 kobolds
  4 quokkas
  A ball python zombie (D:5)
  8 bats
  7 frilled lizards
  6 goblins
  A jackal skeleton (D:6)
  A leopard gecko skeleton (D:4)
  A leopard gecko zombie (D:6)
  3 orc zombies (D:7)
  A quokka zombie (D:5)
  7 rats
820 creatures vanquished.

Vanquished Creatures (collateral kills)
  A fire dragon (Lair:6)
  A hydra (Lair:4)
  A manticore (Lair:4)
  A black mamba (Lair:2)
  Psyche (D:8)
  A rust devil (Orc:2)
  3 molten gargoyles (Lair:6)
  A hippogriff (Lair:4)
  A yak (Lair:6)
  A bullfrog (D:8)
  A scorpion (D:7)
  A bullfrog skeleton (D:9)
  A fungus (Lair:4)
15 creatures vanquished.

Vanquished Creatures (others)
  A rime drake (Lair:2)
  2 polar bears (IceCv)
  15 fungi
  14 plants
32 creatures vanquished.

Grand Total: 867 creatures vanquished

Notes
Turn   | Place    | Note
-------+----------+-------------------------------------------
     0 | D:1      | Mgcat the Gnoll Wanderer began the quest for the Orb.
     0 | D:1      | Mgcat set off with: a +0 buckler, a +0 robe, a +0 club, a ration
     0 | D:1      | Reached XP level 1. HP: 13/13 MP: 8/8
     2 | D:1      | Learned a level 1 spell: Sting
   190 | D:1      | Reached skill level 2 in Transmutations
   190 | D:1      | Reached skill level 2 in Poison Magic
   257 | D:1      | Reached XP level 2. HP: 18/19 MP: 1/10
   261 | D:1      | Learned a level 2 spell: Poisonous Vapours
   264 | D:1      | Learned a level 2 spell: Ensorcelled Hibernation
   573 | D:1      | Reached XP level 3. HP: 25/25 MP: 5/11
   577 | D:1      | Learned a level 2 spell: Throw Frost
  1115 | D:1      | Reached skill level 1 in Invocations
  1429 | D:2      | Reached skill level 1 in Fighting
  1429 | D:2      | Reached skill level 1 in Short Blades
  1429 | D:2      | Reached skill level 1 in Long Blades
  1429 | D:2      | Reached skill level 1 in Axes
  1429 | D:2      | Reached skill level 1 in Maces & Flails
  1429 | D:2      | Reached skill level 1 in Polearms
  1429 | D:2      | Reached skill level 1 in Staves
  1429 | D:2      | Reached skill level 1 in Slings
  1429 | D:2      | Reached skill level 1 in Bows
  1429 | D:2      | Reached skill level 1 in Crossbows
  1429 | D:2      | Reached skill level 1 in Throwing
  1429 | D:2      | Reached skill level 1 in Armour
  1429 | D:2      | Reached skill level 1 in Dodging
  1429 | D:2      | Reached skill level 1 in Stealth
  1429 | D:2      | Reached skill level 1 in Unarmed Combat
  1429 | D:2      | Reached XP level 4. HP: 32/32 MP: 0/13
  2154 | D:2      | Found a snail-covered altar of Cheibriados.
  2160 | D:2      | Learned a level 4 spell: Olgreb's Toxic Radiance
  2518 | D:2      | Reached skill level 1 in Conjurations
  2518 | D:2      | Reached skill level 1 in Hexes
  2518 | D:2      | Reached skill level 1 in Summonings
  2518 | D:2      | Reached skill level 1 in Necromancy
  2518 | D:2      | Reached skill level 1 in Translocations
  2518 | D:2      | Reached skill level 1 in Fire Magic
  2518 | D:2      | Reached skill level 1 in Ice Magic
  2518 | D:2      | Reached skill level 1 in Air Magic
  2518 | D:2      | Reached skill level 1 in Earth Magic
  2695 | D:3      | Reached XP level 5. HP: 37/37 MP: 9/14
  2782 | D:3      | Reached skill level 3 in Shields
  2782 | D:3      | Reached skill level 3 in Evocations
  3096 | D:3      | Noticed KristoblXynda's ghost (amateur NaEn)
  3195 | D:4      | Reached XP level 6. HP: 27/44 MP: 10/16
  3205 | D:4      | Noticed Tiareth's ghost (novice TeAE)
  3324 | D:4      | Reached skill level 2 in Invocations
  3562 | D:3      | Reached skill level 2 in Fighting
  3562 | D:3      | Reached skill level 2 in Short Blades
  3562 | D:3      | Reached skill level 2 in Long Blades
  3562 | D:3      | Reached skill level 2 in Axes
  3562 | D:3      | Reached skill level 2 in Maces & Flails
  3562 | D:3      | Reached skill level 2 in Polearms
  3562 | D:3      | Reached skill level 2 in Staves
  3562 | D:3      | Reached skill level 2 in Slings
  3562 | D:3      | Reached skill level 2 in Bows
  3562 | D:3      | Reached skill level 2 in Crossbows
  3562 | D:3      | Reached skill level 2 in Throwing
  3562 | D:3      | Reached skill level 2 in Armour
  3562 | D:3      | Reached skill level 2 in Dodging
  3562 | D:3      | Reached skill level 2 in Stealth
  3562 | D:3      | Reached skill level 2 in Unarmed Combat
  3786 | D:3      | Found an opulent altar of Gozag.
  3979 | D:3      | Learned a level 3 spell: Mephitic Cloud
  4526 | D:4      | Found Tysenepp's Armour Shop.
  4740 | D:4      | Found a shadowy altar of Dithmenos.
  4760 | D:4      | HP: 11/44 [Tiareth's ghost (5)]
  4761 | D:4      | HP: 4/44 [Tiareth's ghost (7)]
  4765 | D:4      | Killed Tiareth's ghost
  4765 | D:4      | Reached skill level 2 in Conjurations
  4765 | D:4      | Reached skill level 2 in Hexes
  4765 | D:4      | Reached skill level 2 in Summonings
  4765 | D:4      | Reached skill level 2 in Necromancy
  4765 | D:4      | Reached skill level 2 in Translocations
  4765 | D:4      | Reached skill level 3 in Transmutations
  4765 | D:4      | Reached skill level 2 in Fire Magic
  4765 | D:4      | Reached skill level 2 in Ice Magic
  4765 | D:4      | Reached skill level 2 in Air Magic
  4765 | D:4      | Reached skill level 2 in Earth Magic
  4765 | D:4      | Reached skill level 3 in Poison Magic
  4765 | D:4      | Reached XP level 7. HP: 10/51 MP: 4/18
  4956 | D:4      | Found a staircase to the Ecumenical Temple.
  4964 | Temple   | Entered the Ecumenical Temple
  4971 | Temple   | Became a worshipper of Sif Muna the Loreminder
  5221 | D:4      | Found a sparkling altar of Nemelex Xobeh.
  5379 | D:4      | Learned a level 5 spell: Venom Bolt
  5483 | D:5      | Entered Level 5 of the Dungeon
  5581 | D:5      | Found a transporter.
  5585 | D:5      | Noticed inmateoo's ghost (novice BaFi)
  5604 | D:5      | Reached skill level 3 in Invocations
  5632 | D:5      | Noticed a kobold demonologist
  5830 | D:5      | Reached XP level 8. HP: 57/57 MP: 11/19
  5937 | D:5      | Reached skill level 6 in Charms
  6039 | D:5      | Reached skill level 3 in Fighting
  6039 | D:5      | Reached skill level 3 in Short Blades
  6039 | D:5      | Reached skill level 3 in Long Blades
  6039 | D:5      | Reached skill level 3 in Axes
  6039 | D:5      | Reached skill level 3 in Maces & Flails
  6039 | D:5      | Reached skill level 3 in Polearms
  6039 | D:5      | Reached skill level 3 in Staves
  6039 | D:5      | Reached skill level 3 in Slings
  6039 | D:5      | Reached skill level 3 in Bows
  6039 | D:5      | Reached skill level 3 in Crossbows
  6039 | D:5      | Reached skill level 3 in Throwing
  6039 | D:5      | Reached skill level 3 in Armour
  6039 | D:5      | Reached skill level 3 in Dodging
  6039 | D:5      | Reached skill level 3 in Stealth
  6039 | D:5      | Reached skill level 4 in Shields
  6039 | D:5      | Reached skill level 3 in Unarmed Combat
  6039 | D:5      | Reached skill level 4 in Evocations
  6134 | D:5      | Found a transporter.
  6185 | D:5      | Found a sparkling altar of Nemelex Xobeh.
  7171 | D:5      | Reached skill level 8 in Spellcasting
  7703 | D:6      | Got a smoking flail
  7704 | D:6      | Identified the +7 flail of Bile {crush, rElec Int+2 Dex+2} (You found it on level 6 of the Dungeon)
  7752 | D:6      | Learned a level 2 spell: Call Imp
  7852 | D:6      | Reached skill level 3 in Conjurations
  7852 | D:6      | Reached skill level 3 in Hexes
  7852 | D:6      | Reached skill level 3 in Summonings
  7852 | D:6      | Reached skill level 3 in Necromancy
  7852 | D:6      | Reached skill level 3 in Translocations
  7852 | D:6      | Reached skill level 3 in Fire Magic
  7852 | D:6      | Reached skill level 3 in Ice Magic
  7852 | D:6      | Reached skill level 3 in Air Magic
  7852 | D:6      | Reached skill level 3 in Earth Magic
  7852 | D:6      | Reached skill level 4 in Invocations
  8117 | D:7      | Reached XP level 9. HP: 65/65 MP: 14/21
  8458 | D:7      | Reached * piety under Sif Muna
  8706 | D:7      | Found Fytseiheag's Assorted Antiques.
  8710 | D:7      | Bought a glittering jade amulet for 120 gold pieces
  8710 | D:7      | Identified the amulet of the Endless Expanse {Gourm rF+} (You bought it in a shop on level 7 of the Dungeon)
  8738 | D:7      | Reached skill level 4 in Fighting
  8738 | D:7      | Reached skill level 4 in Short Blades
  8738 | D:7      | Reached skill level 4 in Long Blades
  8738 | D:7      | Reached skill level 4 in Axes
  8738 | D:7      | Reached skill level 4 in Maces & Flails
  8738 | D:7      | Reached skill level 4 in Polearms
  8738 | D:7      | Reached skill level 4 in Staves
  8738 | D:7      | Reached skill level 4 in Slings
  8738 | D:7      | Reached skill level 4 in Bows
  8738 | D:7      | Reached skill level 4 in Crossbows
  8738 | D:7      | Reached skill level 4 in Throwing
  8738 | D:7      | Reached skill level 4 in Armour
  8738 | D:7      | Reached skill level 4 in Dodging
  8738 | D:7      | Reached skill level 4 in Stealth
  8738 | D:7      | Reached skill level 4 in Unarmed Combat
  8738 | D:7      | Reached skill level 4 in Transmutations
  8738 | D:7      | Reached skill level 4 in Poison Magic
  8746 | D:7      | Found a basalt altar of Yredelemnul.
  8783 | D:7      | Reached skill level 5 in Shields
  8783 | D:7      | Reached skill level 5 in Evocations
  9419 | D:8      | Noticed Psyche
  9425 | D:8      | Killed Psyche
  9425 | D:8      | Reached skill level 5 in Invocations
  9558 | D:8      | Noticed Grum
  9680 | D:8      | Reached ** piety under Sif Muna
  9680 | D:8      | Reached XP level 10. HP: 65/73 MP: 13/22
  9684 | D:8      | Noticed a two-headed ogre
  9684 | D:8      | Killed Grum
  9688 | D:7      | Reached skill level 4 in Conjurations
  9688 | D:7      | Reached skill level 4 in Hexes
  9688 | D:7      | Reached skill level 4 in Summonings
  9688 | D:7      | Reached skill level 4 in Necromancy
  9688 | D:7      | Reached skill level 4 in Translocations
  9688 | D:7      | Reached skill level 4 in Fire Magic
  9688 | D:7      | Reached skill level 4 in Ice Magic
  9688 | D:7      | Reached skill level 4 in Air Magic
  9688 | D:7      | Reached skill level 4 in Earth Magic
  9993 | D:8      | Reached skill level 5 in Fighting
  9993 | D:8      | Reached skill level 5 in Short Blades
  9993 | D:8      | Reached skill level 5 in Long Blades
  9993 | D:8      | Reached skill level 5 in Axes
  9993 | D:8      | Reached skill level 5 in Maces & Flails
  9993 | D:8      | Reached skill level 5 in Polearms
  9993 | D:8      | Reached skill level 5 in Staves
  9993 | D:8      | Reached skill level 5 in Slings
  9993 | D:8      | Reached skill level 5 in Bows
  9993 | D:8      | Reached skill level 5 in Crossbows
  9993 | D:8      | Reached skill level 5 in Throwing
  9993 | D:8      | Reached skill level 5 in Armour
  9993 | D:8      | Reached skill level 5 in Dodging
  9993 | D:8      | Reached skill level 5 in Stealth
  9993 | D:8      | Reached skill level 5 in Unarmed Combat
 10005 | D:8      | HP: 11/74 [killer bee (9)]
 10013 | D:8      | HP: 18/74 [poisoned by a killer bee]
 10018 | D:8      | HP: 16/74 [poisoned by a killer bee]
 10024 | D:7      | HP: 14/74 [poisoned by a killer bee]
 10031 | D:7      | HP: 14/74 [poisoned by a killer bee]
 10039 | D:7      | HP: 14/74 [poisoned by a killer bee]
 10319 | D:8      | Reached skill level 7 in Charms
 10540 | D:8      | Noticed Gastronok
 10561 | D:8      | HP: 13/74 [Gastronok (29)]
 10562 | D:8      | Killed Gastronok
 10562 | D:8      | Reached skill level 6 in Shields
 10562 | D:8      | Reached skill level 9 in Spellcasting
 10562 | D:8      | Reached skill level 5 in Transmutations
 10562 | D:8      | Reached skill level 5 in Poison Magic
 10562 | D:8      | Reached skill level 6 in Invocations
 10562 | D:8      | Reached skill level 6 in Evocations
 11027 | D:8      | Noticed a cyclops
 11040 | D:8      | Killed a cyclops
 11040 | D:8      | Reached *** piety under Sif Muna
 11040 | D:8      | Reached XP level 11. HP: 73/81 MP: 9/24
 11096 | D:8      | Noticed a two-headed ogre
 11125 | D:8      | Killed a two-headed ogre
 11409 | D:8      | HP: 12/81 [two-headed ogre/giant spiked club (25)]
 12044 | D:7      | Killed a two-headed ogre
 12044 | D:7      | Reached skill level 6 in Fighting
 12044 | D:7      | Reached skill level 6 in Short Blades
 12044 | D:7      | Reached skill level 6 in Long Blades
 12044 | D:7      | Reached skill level 6 in Axes
 12044 | D:7      | Reached skill level 6 in Maces & Flails
 12044 | D:7      | Reached skill level 6 in Polearms
 12044 | D:7      | Reached skill level 6 in Staves
 12044 | D:7      | Reached skill level 6 in Slings
 12044 | D:7      | Reached skill level 6 in Bows
 12044 | D:7      | Reached skill level 6 in Crossbows
 12044 | D:7      | Reached skill level 6 in Throwing
 12044 | D:7      | Reached skill level 6 in Armour
 12044 | D:7      | Reached skill level 6 in Dodging
 12044 | D:7      | Reached skill level 6 in Stealth
 12044 | D:7      | Reached skill level 6 in Unarmed Combat
 12044 | D:7      | Reached skill level 5 in Conjurations
 12044 | D:7      | Reached skill level 5 in Hexes
 12044 | D:7      | Reached skill level 5 in Summonings
 12044 | D:7      | Reached skill level 5 in Necromancy
 12044 | D:7      | Reached skill level 5 in Translocations
 12044 | D:7      | Reached skill level 5 in Fire Magic
 12044 | D:7      | Reached skill level 5 in Ice Magic
 12044 | D:7      | Reached skill level 5 in Air Magic
 12044 | D:7      | Reached skill level 5 in Earth Magic
 12340 | D:9      | Learned a level 3 spell: Conjure Flame
 12355 | D:9      | Noticed a brown ugly thing
 12394 | D:9      | Killed a brown ugly thing
 12888 | D:9      | Got an ichor-stained leather armour
 12899 | D:9      | Identified the +1 leather armour of Kejuchy {rElec Int+2 Stlth-} (You found it on level 9 of the Dungeon)
 13200 | D:9      | Found a roughly hewn altar of Beogh.
 13410 | D:8      | Upgraded the game from 0.22-a0-419-g492bfec to 0.22-a0-422-g9628fc8
 13632 | D:10     | Entered Level 10 of the Dungeon
 13695 | D:10     | Found a staircase to the Orcish Mines.
 13730 | D:10     | Reached skill level 7 in Invocations
 13915 | D:10     | Found a runed door.
 13916 | D:10     | Noticed a deep elf archer
 13932 | D:10     | Noticed an ettin
 14115 | D:10     | Reached skill level 7 in Shields
 14115 | D:10     | Reached skill level 7 in Evocations
 14230 | D:10     | Found a staircase to the Lair.
 14350 | D:10     | Noticed a purple ugly thing
 14350 | D:10     | Noticed a fire dragon
 14350 | D:10     | Noticed an orc knight
 14396 | D:10     | Found a runed door.
 14397 | D:10     | Noticed a war gargoyle
 14433 | D:10     | Killed an orc knight
 14502 | D:10     | Reached **** piety under Sif Muna
 14526 | D:10     | Found the +8 longbow "Zephyr" {speed, Dex+3 SInv}
 14567 | D:10     | Learned a level 5 spell: Bolt of Magma
 15259 | D:10     | Got an ichor-stained falchion
 15261 | D:10     | Got a smoking hand axe
 15545 | D:10     | Reached skill level 6 in Transmutations
 15545 | D:10     | Reached skill level 6 in Poison Magic
 15664 | D:10     | Found a runed door.
 15932 | D:11     | Reached XP level 12. HP: 89/89 MP: 2/25
 16449 | D:11     | Found a runed door.
 16555 | D:11     | Reached skill level 8 in Charms
 16696 | D:11     | Found a runed door.
 16727 | D:11     | Found the +10 large shield of Ignorance {rN+ Int-4}
 17137 | D:11     | Reached skill level 10 in Spellcasting
 17445 | Lair:1   | Entered Level 1 of the Lair of Beasts
 17446 | Lair:1   | Identified the +9 falchion of Animyow {freeze, +Fly MR+ Dex+4} (You found it on level 10 of the Dungeon)
 17447 | Lair:1   | Identified the +7 hand axe "Killer Klown's Bane" {chop, rC+ Str+3 Dex+3} (You found it on level 10 of the Dungeon)
 17619 | Lair:1   | Reached skill level 7 in Fighting
 17619 | Lair:1   | Reached skill level 7 in Short Blades
 17619 | Lair:1   | Reached skill level 7 in Long Blades
 17619 | Lair:1   | Reached skill level 7 in Axes
 17619 | Lair:1   | Reached skill level 7 in Maces & Flails
 17619 | Lair:1   | Reached skill level 7 in Polearms
 17619 | Lair:1   | Reached skill level 7 in Staves
 17619 | Lair:1   | Reached skill level 7 in Slings
 17619 | Lair:1   | Reached skill level 7 in Bows
 17619 | Lair:1   | Reached skill level 7 in Crossbows
 17619 | Lair:1   | Reached skill level 7 in Throwing
 17619 | Lair:1   | Reached skill level 7 in Armour
 17619 | Lair:1   | Reached skill level 7 in Dodging
 17619 | Lair:1   | Reached skill level 7 in Stealth
 17619 | Lair:1   | Reached skill level 7 in Unarmed Combat
 18204 | Lair:1   | Found a frozen archway.
 18215 | IceCv    | Entered an ice cave
 18324 | IceCv    | Reached skill level 6 in Conjurations
 18324 | IceCv    | Reached skill level 6 in Hexes
 18324 | IceCv    | Reached skill level 6 in Summonings
 18324 | IceCv    | Reached skill level 6 in Necromancy
 18324 | IceCv    | Reached skill level 6 in Translocations
 18324 | IceCv    | Reached skill level 6 in Fire Magic
 18324 | IceCv    | Reached skill level 6 in Ice Magic
 18324 | IceCv    | Reached skill level 6 in Air Magic
 18324 | IceCv    | Reached skill level 6 in Earth Magic
 18703 | IceCv    | Reached skill level 8 in Invocations
 19006 | IceCv    | Noticed a death yak
 19006 | IceCv    | Noticed a death yak
 19185 | IceCv    | Killed a death yak
 19193 | IceCv    | Killed a death yak
 19193 | IceCv    | Reached skill level 8 in Shields
 19193 | IceCv    | Reached skill level 8 in Evocations
 19351 | IceCv    | Reached ***** piety under Sif Muna
 19355 | IceCv    | Reached XP level 13. HP: 90/98 MP: 3/27
 19512 | IceCv    | Noticed a frost giant
 19520 | IceCv    | Identified Sif Muna's Tome of Congealing Malediction (Sif Muna gifted it to you in an ice cave)
 19520 | IceCv    | Received a gift from Sif Muna
 19532 | IceCv    | Killed a frost giant
 19532 | IceCv    | Reached skill level 7 in Transmutations
 19532 | IceCv    | Reached skill level 7 in Poison Magic
 19540 | IceCv    | Learned a level 4 spell: Throw Icicle
 19742 | IceCv    | Identified the Papyrus of the Glacier
 19969 | Lair:1   | Reached skill level 8 in Fighting
 19969 | Lair:1   | Reached skill level 8 in Short Blades
 19969 | Lair:1   | Reached skill level 8 in Long Blades
 19969 | Lair:1   | Reached skill level 8 in Axes
 19969 | Lair:1   | Reached skill level 8 in Maces & Flails
 19969 | Lair:1   | Reached skill level 8 in Polearms
 19969 | Lair:1   | Reached skill level 8 in Staves
 19969 | Lair:1   | Reached skill level 8 in Slings
 19969 | Lair:1   | Reached skill level 8 in Bows
 19969 | Lair:1   | Reached skill level 8 in Crossbows
 19969 | Lair:1   | Reached skill level 8 in Throwing
 19969 | Lair:1   | Reached skill level 8 in Armour
 19969 | Lair:1   | Reached skill level 8 in Dodging
 19969 | Lair:1   | Reached skill level 8 in Stealth
 19969 | Lair:1   | Reached skill level 8 in Unarmed Combat
 20321 | Lair:1   | Learned a level 2 spell: Swiftness
 21885 | Lair:2   | Reached skill level 9 in Invocations
 22920 | Lair:3   | Reached skill level 7 in Conjurations
 22920 | Lair:3   | Reached skill level 7 in Hexes
 22920 | Lair:3   | Reached skill level 9 in Charms
 22920 | Lair:3   | Reached skill level 7 in Summonings
 22920 | Lair:3   | Reached skill level 7 in Necromancy
 22920 | Lair:3   | Reached skill level 7 in Translocations
 22920 | Lair:3   | Reached skill level 7 in Fire Magic
 22920 | Lair:3   | Reached skill level 7 in Ice Magic
 22920 | Lair:3   | Reached skill level 7 in Air Magic
 22920 | Lair:3   | Reached skill level 7 in Earth Magic
 23744 | Lair:3   | Reached skill level 11 in Spellcasting
 23868 | Lair:3   | Noticed Rupert
 23872 | Lair:3   | Paralysed by Rupert for 2 turns
 23894 | Lair:3   | Killed Rupert
 23894 | Lair:3   | Reached skill level 9 in Shields
 23894 | Lair:3   | Reached skill level 9 in Evocations
 24030 | Lair:3   | Found a staircase to the Snake Pit.
 24269 | Lair:3   | Learned a level 4 spell: Summon Ice Beast
 24766 | Lair:4   | Found a staircase to the Shoals.
 24767 | Lair:4   | Noticed Nessos
 24785 | Lair:3   | HP: 23/99 [poisoned by Nessos]
 24790 | Lair:3   | HP: 16/99 [poisoned by Nessos]
 24795 | Lair:3   | HP: 11/99 [poisoned by Nessos]
 24800 | Lair:3   | HP: 8/99 [poisoned by Nessos]
 24806 | Lair:3   | HP: 6/99 [poisoned by Nessos]
 24811 | Lair:3   | HP: 5/99 [poisoned by Nessos]
 24818 | Lair:3   | HP: 5/99 [poisoned by Nessos]
 24826 | Lair:3   | HP: 5/99 [poisoned by Nessos]
 25224 | Lair:4   | Reached XP level 14. HP: 106/106 MP: 6/29
 27312 | Lair:5   | Reached skill level 9 in Fighting
 27312 | Lair:5   | Reached skill level 9 in Short Blades
 27312 | Lair:5   | Reached skill level 9 in Long Blades
 27312 | Lair:5   | Reached skill level 9 in Axes
 27312 | Lair:5   | Reached skill level 9 in Maces & Flails
 27312 | Lair:5   | Reached skill level 9 in Polearms
 27312 | Lair:5   | Reached skill level 9 in Staves
 27312 | Lair:5   | Reached skill level 9 in Slings
 27312 | Lair:5   | Reached skill level 9 in Bows
 27312 | Lair:5   | Reached skill level 9 in Crossbows
 27312 | Lair:5   | Reached skill level 9 in Throwing
 27312 | Lair:5   | Reached skill level 9 in Armour
 27312 | Lair:5   | Reached skill level 9 in Dodging
 27312 | Lair:5   | Reached skill level 9 in Stealth
 27312 | Lair:5   | Reached skill level 9 in Unarmed Combat
 28228 | Lair:6   | Entered Level 6 of the Lair of Beasts
 28777 | Lair:6   | Reached skill level 8 in Transmutations
 28777 | Lair:6   | Reached skill level 8 in Poison Magic
 28936 | Lair:6   | Reached skill level 10 in Invocations
 29715 | Lair:6   | Killed Nessos
 30118 | Lair:6   | Found a staircase to the Slime Pits.
 30666 | Lair:6   | Got a warped helmet
 30677 | Lair:6   | Identified the +0 helmet "Ytokel" {Stlth+} (You found it on level 6 of the Lair of Beasts)
 31229 | Lair:6   | Found a large runed door.
 31664 | Lair:6   | Found a large runed door.
 31828 | Lair:6   | Reached skill level 8 in Conjurations
 31828 | Lair:6   | Reached skill level 8 in Hexes
 31828 | Lair:6   | Reached skill level 8 in Summonings
 31828 | Lair:6   | Reached skill level 8 in Necromancy
 31828 | Lair:6   | Reached skill level 8 in Translocations
 31828 | Lair:6   | Reached skill level 8 in Fire Magic
 31828 | Lair:6   | Reached skill level 8 in Ice Magic
 31828 | Lair:6   | Reached skill level 8 in Air Magic
 31828 | Lair:6   | Reached skill level 8 in Earth Magic
 31828 | Lair:6   | Reached XP level 15. HP: 114/114 MP: 3/30
 31952 | Lair:6   | Learned a level 6 spell: Bolt of Fire
 32362 | D:10     | Reached skill level 10 in Shields
 32362 | D:10     | Reached skill level 10 in Evocations
 32579 | D:4      | Bought the +1 pair of gloves of Bafyn {Str+2 Int+4} for 349 gold pieces
 32894 | Orc:1    | Entered Level 1 of the Orcish Mines
 33221 | Orc:1    | Noticed Josephine
 33236 | Orc:1    | Killed Josephine
 33239 | Orc:1    | You fall through a shaft!
 33239 | Orc:2    | Entered Level 2 of the Orcish Mines
 33239 | Orc:2    | Found a roughly hewn altar of Beogh.
 33394 | Orc:1    | Noticed Maurice
 33536 | Orc:1    | Killed Maurice
 33750 | Orc:1    | Identified Sif Muna's Guide on Destructive Air (Sif Muna gifted it to you on level 1 of the Orcish Mines)
 33750 | Orc:1    | Received a gift from Sif Muna
 33840 | Orc:1    | Noticed Nergalle
 33842 | Orc:1    | Noticed Erica
 33851 | Orc:1    | Killed Nergalle
 33890 | Orc:1    | Killed Erica
 34128 | Orc:1    | Found Fuzim's General Store.
 36112 | Orc:2    | Noticed Snorg
 36146 | Orc:2    | Killed Snorg
 36146 | Orc:2    | Reached skill level 10 in Charms
 36270 | Orc:2    | Found a staircase to the Elven Halls.
 36421 | Orc:2    | Found Oriadudgh's General Store.
 36536 | Orc:2    | Found Sim Vuic's Magic Scroll Emporium.
 36717 | Orc:2    | Reached skill level 12 in Spellcasting
 36804 | Orc:2    | Learned a level 5 spell: Fireball
 36836 | Orc:2    | Bought a scroll of enchant armour for 90 gold pieces
 37001 | Orc:2    | Reached skill level 10 in Fighting
 37001 | Orc:2    | Reached skill level 10 in Short Blades
 37001 | Orc:2    | Reached skill level 10 in Long Blades
 37001 | Orc:2    | Reached skill level 10 in Axes
 37001 | Orc:2    | Reached skill level 10 in Maces & Flails
 37001 | Orc:2    | Reached skill level 10 in Polearms
 37001 | Orc:2    | Reached skill level 10 in Staves
 37001 | Orc:2    | Reached skill level 10 in Slings
 37001 | Orc:2    | Reached skill level 10 in Bows
 37001 | Orc:2    | Reached skill level 10 in Crossbows
 37001 | Orc:2    | Reached skill level 10 in Throwing
 37001 | Orc:2    | Reached skill level 10 in Armour
 37001 | Orc:2    | Reached skill level 10 in Dodging
 37001 | Orc:2    | Reached skill level 10 in Stealth
 37001 | Orc:2    | Reached skill level 10 in Unarmed Combat
 38345 | Orc:2    | Found Plog's Gadget Boutique.
 38345 | Orc:2    | Found Hiokk's Antique Weapon Shop.
 38346 | Orc:2    | Found a one-way gate leading to the halls of Pandemonium.
 38355 | Orc:2    | Bought a crude hunting sling for 136 gold pieces
 38355 | Orc:2    | Identified the +4 hunting sling of the Inferno {speed, +Inv Str+3 Int+3 Dex+2} (You bought it in a shop on level 2 of the Orcish Mines)
 38747 | D:12     | Reached skill level 11 in Invocations
 39595 | D:12     | Noticed Azrael
 39695 | D:12     | Found a blossoming altar of Fedhas.
 39725 | D:13     | Noticed Erolcha
 39925 | D:13     | Killed Erolcha
 40515 | D:13     | Reached skill level 9 in Transmutations
 40515 | D:13     | Reached skill level 9 in Poison Magic
 40610 | D:13     | Found a gate to the Vaults.
 40991 | D:13     | Reached XP level 16. HP: 122/122 MP: 13/32
 41866 | D:5      | Killed inmateoo's ghost
 42522 | D:10     | HP: 29/123 [war gargoyle/spray of metal splinters (27)]
 42523 | D:10     | Slain by a war gargoyle

Vault maps used:
D:1:      dpeg_arrival_three_smaller_balls, kennysheep_another_room
D:2:      nicolae_overflow_hidden_temple, first_ration, minmay_box_of_dots
D:3:      grunt_gozag_breadcrumbs
D:4:      kennysheep_mini, marbit_many_paths,
          minmay_temple_entry_statues_pillars, serial_shops,
          nicolae_shop_behind_doors, minmay_statues_item
D:5:      gammafunk_wand_slinger, chequers_ossuary_entry_cave,
          grunt_ministairs_8, nemelex_lonely_heart_becter
D:6:      kennysheep_generic_room_5
D:7:      lemuel_mausoleum_altar_yredelemnul, serial_shops, shop
D:8:      david_nohive_1, uniq_psyche, uniq_grum, uniq_gastronok
D:9:      special_room
D:10:     minmay_the_grid_triangle_9x9_recursive_2, minmay_lair_entry_lava,
          orc_0_dummy
D:11:     chequers_guarded_unrand_ignorance
D:12:     fedhas_altar_4, uniq_azrael
D:13:     david_vaults_1, kennysheep_generic_room_3, uniq_erolcha
Temple:   hc_temple_tempest_star
Lair:1:   portal_ice_cave_entry_ice_beasts, serial_bayou_lagoon_b,
          infiniplex_staircase_pool_2
Lair:2:   bobbens_dragon_lair_wall, minmay_lair_oklob_chamber
Lair:3:   minmay_snake_entry_six_corridors, minivault_19,
          cheibrodos_lair_reptile_den, uniq_rupert
Lair:4:   minmay_shoals_entry_beasts, serial_bayou_shore_b, uniq_nessos
Lair:5:   infiniplex_staircase_pool
Lair:6:   cheibrodos_lair_end_hotspot, slime_dummy, nicolae_lair_yak_garden
Orc:1:    serial_shops, nicolae_shop_window_shopping, nicolae_orc_stony_grotto,
          lightli_orcish_oven, uniq_nergalle, uniq_maurice, uniq_erica,
          uniq_josephine
Orc:2:    pf_orc_diabolical, basic_altar, uniq_snorg
IceCv:    ice_cave_caverns_03

Skill      XL: |  1  2  3  4  5  6  7  8  9 10 11 12 13 14 15 |
---------------+----------------------------------------------+-----
Transmutations | 2 3 4 5 6 7 8 9 |  9.1
Poison Magic   | 2 3 4 5 6 7 8 9 |  9.1
Invocations    | 1 2 3 4 5 6 7 8 9 10 11 | 11.2
Fighting       | 1 2 3 4 5 6 7 8 9 10 | 10.4
Short Blades   | 1 2 3 4 5 6 7 8 9 10 | 10.4
Long Blades    | 1 2 3 4 5 6 7 8 9 10 | 10.4
Axes           | 1 2 3 4 5 6 7 8 9 10 | 10.4
Maces & Flails | 1 2 3 4 5 6 7 8 9 10 | 10.4
Polearms       | 1 2 3 4 5 6 7 8 9 10 | 10.4
Staves         | 1 2 3 4 5 6 7 8 9 10 | 10.4
Slings         | 1 2 3 4 5 6 7 8 9 10 | 10.4
Bows           | 1 2 3 4 5 6 7 8 9 10 | 10.4
Crossbows      | 1 2 3 4 5 6 7 8 9 10 | 10.4
Throwing       | 1 2 3 4 5 6 7 8 9 10 | 10.4
Armour         | 1 2 3 4 5 6 7 8 9 10 | 10.4
Dodging        | 1 2 3 4 5 6 7 8 9 10 | 10.4
Stealth        | 1 2 3 4 5 6 7 8 9 10 | 10.4
Unarmed Combat | 1 2 3 4 5 6 7 8 9 10 | 10.4
Conjurations   | 1 2 3 4 5 6 7 8 |  8.8
Hexes          | 1 2 3 4 5 6 7 8 |  8.8
Summonings     | 1 2 3 4 5 6 7 8 |  8.8
Necromancy     | 1 2 3 4 5 6 7 8 |  8.8
Translocations | 1 2 3 4 5 6 7 8 |  8.8
Fire Magic     | 1 2 3 4 5 6 7 8 |  8.8
Ice Magic      | 1 2 3 4 5 6 7 8 |  8.8
Air Magic      | 1 2 3 4 5 6 7 8 |  8.8
Earth Magic    | 1 2 3 4 5 6 7 8 |  8.8
Shields        | 3 4 5 6 7 8 9 10 | 10.7
Evocations     | 3 4 5 6 7 8 9 10 | 10.7
Charms         | 6 7 8 9 10 | 10.3
Spellcasting   | 8 9 10 11 12 | 12.3

Action                   |  1- 3 |  4- 6 |  7- 9 | 10-12 | 13-15 | 16-18 || total
-------------------------+-------+-------+-------+-------+-------+-------++-------
Melee: Club              |     5 |       |       |       |       |       ||     5
       Short sword       |       |    33 |     3 |       |       |       ||    36
       Bite              |       |     2 |    20 |    30 |     9 |       ||    61
       Staff             |       |       |   126 |       |       |       ||   126
       Flail             |       |       |    79 |   163 |    80 |       ||   322
 Cast: Sting             |    28 |    17 |     8 |     6 |       |       ||    59
       Poisonous Vapours |    36 |    87 |   137 |   335 |   431 |       ||  1026
       Ensorcelled Hiber |     3 |     1 |    17 |    38 |     1 |       ||    60
       Throw Frost       |       |     7 |    36 |    30 |       |       ||    73
       Call Imp          |       |       |    10 |    19 |     9 |       ||    38
       Olgreb's Toxic Ra |       |       |     5 |    29 |    93 |     1 ||   128
       Mephitic Cloud    |       |       |     1 |     1 |       |       ||     2
       Venom Bolt        |       |       |       |     3 |       |       ||     3
       Bolt of Magma     |       |       |       |    53 |   151 |       ||   204
       Conjure Flame     |       |       |       |    17 |     6 |       ||    23
       Summon Ice Beast  |       |       |       |       |    48 |     1 ||    49
       Throw Icicle      |       |       |       |       |    55 |       ||    55
       Swiftness         |       |       |       |       |     4 |     1 ||     5
       Bolt of Fire      |       |       |       |       |   153 |    34 ||   187
       Fireball          |       |       |       |       |    13 |     3 ||    16
Invok: Forget Spell      |       |       |       |     1 |     3 |       ||     4
       Divine Energy     |       |       |       |     4 |       |       ||     4
       Stop Divine Energ |       |       |       |     3 |       |       ||     3
Evoke: Wand              |       |       |       |       |     3 |       ||     3
  Use: Scroll            |       |     7 |     4 |     9 |    16 |       ||    36
       Potion            |       |     1 |       |     3 |       |     1 ||     5
 Stab: Sleeping          |       |     1 |     9 |     3 |       |       ||    13
  Eat: Chunk             |     1 |    10 |    13 |    47 |   111 |       ||   182
       Ration            |       |       |     1 |       |       |     1 ||     2
Armor: Robe              |       |    23 |   114 |    27 |       |       ||   164
       Leather armour    |       |       |       |    36 |    38 |       ||    74
Dodge: Dodged            |     5 |    26 |   207 |   208 |   172 |    12 ||   630
Block: Buckler           |     3 |    11 |    74 |    79 |    67 |     2 ||   236

Table legend:
 A = Spawn XP
 B = Non-spawn XP
 C = Spawn XP percentage of total XP
 D = Spawn monster count
 E = Non-spawn monster count
 F = Spawn count percentage of total count
 G = Total turns spent on level
                    A         B        C        D         E        F      G
               +---------+---------+-------+---------+---------+-------+---------
         Total |       0 |  135630 |   0.0 |       0 |     837 |   0.0 | 42523
               +---------+---------+-------+---------+---------+-------+---------
           D:1 |       0 |      58 |   0.0 |       0 |      29 |   0.0 |  1256
           D:2 |       0 |      77 |   0.0 |       0 |      17 |   0.0 |  1593
           D:3 |       0 |     298 |   0.0 |       0 |      34 |   0.0 |  1285
           D:4 |       0 |     546 |   0.0 |       0 |      17 |   0.0 |  1444
           D:5 |       0 |    1921 |   0.0 |       0 |      34 |   0.0 |  2476
           D:6 |       0 |     296 |   0.0 |       0 |      15 |   0.0 |   744
           D:7 |       0 |    2619 |   0.0 |       0 |      42 |   0.0 |  2232
           D:8 |       0 |    6800 |   0.0 |       0 |      48 |   0.0 |  2041
           D:9 |       0 |    2847 |   0.0 |       0 |      55 |   0.0 |  1833
          D:10 |       0 |    7623 |   0.0 |       0 |      43 |   0.0 |  2515
          D:11 |       0 |    2919 |   0.0 |       0 |      31 |   0.0 |  1928
          D:12 |       0 |    3405 |   0.0 |       0 |      29 |   0.0 |  1030
          D:13 |       0 |   11711 |   0.0 |       0 |      45 |   0.0 |  1910
        Lair:1 |       0 |    4061 |   0.0 |       0 |      29 |   0.0 |  1562
        Lair:2 |       0 |    8965 |   0.0 |       0 |      41 |   0.0 |  2601
        Lair:3 |       0 |    6302 |   0.0 |       0 |      17 |   0.0 |  1845
        Lair:4 |       0 |    6369 |   0.0 |       0 |      25 |   0.0 |  1536
        Lair:5 |       0 |    7428 |   0.0 |       0 |      36 |   0.0 |  1650
        Lair:6 |       0 |   22423 |   0.0 |       0 |      72 |   0.0 |  3903
         Orc:1 |       0 |    7155 |   0.0 |       0 |      44 |   0.0 |  1780
         Orc:2 |       0 |   19072 |   0.0 |       0 |      89 |   0.0 |  3766
         IceCv |       0 |   12735 |   0.0 |       0 |      45 |   0.0 |  1578
               +---------+---------+-------+---------+---------+-------+---------

Vault maps used:
D:1:      dpeg_arrival_three_smaller_balls, kennysheep_another_room
D:2:      nicolae_overflow_hidden_temple, first_ration, minmay_box_of_dots
D:3:      grunt_gozag_breadcrumbs
D:4:      kennysheep_mini, marbit_many_paths,
          minmay_temple_entry_statues_pillars, serial_shops,
          nicolae_shop_behind_doors, minmay_statues_item
D:5:      gammafunk_wand_slinger, chequers_ossuary_entry_cave,
          grunt_ministairs_8, nemelex_lonely_heart_becter
D:6:      kennysheep_generic_room_5
D:7:      lemuel_mausoleum_altar_yredelemnul, serial_shops, shop
D:8:      david_nohive_1, uniq_psyche, uniq_grum, uniq_gastronok
D:9:      special_room
D:10:     minmay_the_grid_triangle_9x9_recursive_2, minmay_lair_entry_lava,
          orc_0_dummy
D:11:     chequers_guarded_unrand_ignorance
D:12:     fedhas_altar_4, uniq_azrael
D:13:     david_vaults_1, kennysheep_generic_room_3, uniq_erolcha
Temple:   hc_temple_tempest_star
Lair:1:   portal_ice_cave_entry_ice_beasts, serial_bayou_lagoon_b,
          infiniplex_staircase_pool_2
Lair:2:   bobbens_dragon_lair_wall, minmay_lair_oklob_chamber
Lair:3:   minmay_snake_entry_six_corridors, minivault_19,
          cheibrodos_lair_reptile_den, uniq_rupert
Lair:4:   minmay_shoals_entry_beasts, serial_bayou_shore_b, uniq_nessos
Lair:5:   infiniplex_staircase_pool
Lair:6:   cheibrodos_lair_end_hotspot, slime_dummy, nicolae_lair_yak_garden
Orc:1:    serial_shops, nicolae_shop_window_shopping, nicolae_orc_stony_grotto,
          lightli_orcish_oven, uniq_nergalle, uniq_maurice, uniq_erica,
          uniq_josephine
Orc:2:    pf_orc_diabolical, basic_altar, uniq_snorg
IceCv:    ice_cave_caverns_03

Table legend:
 A = Turns spent in this place as a percentage of turns spent in the entire game.
 B = Non-inter-level travel turns spent in this place as a percentage of non-inter-level travel turns spent in the entire game.
 C = Inter-level travel turns spent in this place as a percentage of turns spent in this place.
 D = Turns resting spent in this place as a percentage of non-inter-level travel turns spent in this place.
 E = Turns spent auto-exploring this place as a percentage of non-inter-level travel turns spent in this place.
 F = Non-inter-level travel turns spent in this place divided by the number of levels of this place that you've seen.
                   A       B       C       D       E      F
               +-------+-------+-------+-------+-------+----------------------
         Total | 100.0 | 100.0 |   5.4 |   4.5 |  78.8 | 1749.2
       Dungeon |  52.4 |  51.1 |   7.7 |   4.1 |  80.2 | 1581.5
        Temple |   0.0 |   0.0 |  40.0 |   0.0 |   0.0 |   9.0
          Lair |  30.8 |  31.5 |   3.2 |   3.7 |  79.8 | 2112.5
  Orcish Mines |  13.0 |  13.4 |   2.5 |   7.5 |  73.5 | 2704.5
      Ice Cave |   3.7 |   3.9 |   0.0 |   5.3 |  71.6 | 1578.0
               +-------+-------+-------+-------+-------+----------------------

Table legend:
 A = Kills in this place as a percentage of kills in entire the game.
 B = Kills by you in this place as a percentage of kills by you in the entire game.
 C = Kills by friends in this place as a percentage of kills by friends in the entire game.
 D = Other kills in this place as a percentage of other kills in the entire game.
 E = Experience gained in this place as a percentage of experience gained in the entire game.
 F = Experience gained in this place divided by the number of levels of this place that you have seen.
                   A       B       C       D       E      F
               +-------+-------+-------+-------+-------+----------------------
         Total | 100.0 | 100.0 | 100.0 | 100.0 | 100.0 | 5897.0
       Dungeon |  52.4 |  53.0 |  28.6 |   0.0 |  30.3 | 3163.1
          Lair |  26.3 |  25.6 |  64.3 |  33.3 |  41.0 | 9258.0
  Orcish Mines |  15.9 |  16.1 |   7.1 |   0.0 |  19.3 | 13113.5
      Ice Cave |   5.4 |   5.2 |   0.0 |  66.7 |   9.4 | 12735.0
               +-------+-------+-------+-------+-------+----------------------
